 Dungeon Crawl Stone Soup version 0.27-a0-684-g359e429f13 (webtiles) character file.

Game seed: 11950041813271746

670 ReteAZ the Chiller (level 7, -1/50 HPs)
             Began as a Demigod Ice Elementalist on Mar 20, 2021.
             Slain by an orc warrior
             ... wielding a +0 dire flail
              (11 damage)
             ... on level 6 of the Dungeon.
             The game lasted 00:06:56 (5942 turns).

ReteAZ the Chiller (Demigod Ice Elementalist)       Turns: 5942, Time: 00:06:57

Health: -1/50      AC:  5    Str: 18    XL:     7   Next: 10%
Magic:  12/16      EV: 12    Int: 17    God:
Gold:   221        SH:  5    Dex: 18    Spells: 6/13 levels left

rFire    . . .     SeeInvis .   y - +10 mace "Demigod's Doom" {protect, Str+5}
rCold    . . .     Faith    .   n - +0 buckler
rNeg     . . .     Spirit   .   c - +0 leather armour
rPois    .         Reflect  .   m - +0 helmet
rElec    .         Harm     .   u - +0 cloak
rCorr    .         Rampage  .   (no gloves)
Will     .....                  (no boots)
Stlth    ++........             (no amulet)
HPRegen  0.16/turn              (no ring)
MPRegen  0.15/turn              (no ring)

@: frozen ramparts
A: high mp 1, forlorn
a: no special abilities


You were on level 6 of the Dungeon.
You visited 1 branch of the dungeon, and saw 6 of its levels.

You collected 221 gold pieces.

Inventory:

Hand Weapons
 d - a +0 club
 i - a +0 spear
 j - a +0 trident
 y - the +10 mace "Demigod's Doom" (weapon) {protect, Str+5}
   (You found it on level 5 of the Dungeon)

   It grants its wielder temporary protection when it strikes (+7 to AC).
   It affects your strength (+5).
Armour
 a - a +0 robe
 c - a +0 leather armour (worn)
 m - a +0 helmet (worn)
 n - a +0 buckler (worn)
 u - a +0 cloak (worn)
Jewellery
 t - a ring of fire
Wands
 k - a wand of flame (19)
 q - a wand of acid (7)
 w - a wand of charming (12)
Scrolls
 b - 2 scrolls of fog {unknown}
 e - 2 scrolls of enchant weapon {unknown}
 f - 2 scrolls of teleportation {unknown}
 h - 4 scrolls of identify {unknown}
 p - a scroll of torment {unknown}
 r - a scroll of enchant armour {unknown}
 v - a scroll of summoning {unknown}
 x - a scroll of noise {unknown}
Potions
 g - 2 potions of lignification {unknown}
 l - 3 potions of curing
 o - a potion of degeneration {unknown}
 s - a potion of flight {unknown}
 z - 2 potions of might {unknown}


   Skills:
 - Level 1.7 Dodging
 - Level 1.7 Stealth
 + Level 2.6 Shields
 + Level 3.8 Spellcasting
 * Level 6.6 Ice Magic


You had 6 spell levels left.
You knew the following spells:

 Your Spells              Type           Power      Damage    Failure   Level
a - Freeze                Ice            100%       1d11      1%          1
b - Frozen Ramparts       Ice            50%        1d7       4%          3
c - Ozocubu's Armour      Ice            25%        N/A       4%          3

Your spell library contained the following spells:

 Spells                   Type           Power      Damage    Failure   Level
 Magic Dart               Conj           12%        1d3       22%         1
 Searing Ray              Conj           6%         3d3       34%         2
 Hailstorm                Conj/Ice       14%        3d5       50%         4
 Summon Ice Beast         Ice/Summ       14%        N/A       50%         4
 Dazzling Flash           Conj/Hex       6%         N/A       56%         3
 Fulminant Prism          Conj/Hex       1%         3d6       92%         4
 Iskenderun's Mystic Bla  Conj/Tloc      3%         2d3       92%         4


Dungeon Overview and Level Annotations

Branches:
Dungeon (6/15)
 Temple: D:4-7

Shops:
D:1 (

Annotations:
D:4 3 runed translucent doors, Aapotti's ghost, novice DgWz; Ijustatesigmund's ghost, amateur DsFi; Quoreg's ghost, amateur HuIE


Innate Abilities, Weirdness & Mutations

Your attributes grow dramatically as you level up.
You have an increased reservoir of magic. (+10% MP)
You shall have no god before yourself.


Message History

You sock the hound skeleton!
Your weapon exudes an aura of protection.
The hound skeleton is almost destroyed.
You block the hound skeleton's attack. The hound skeleton barely misses you.
You sock the hound skeleton!
You destroy the hound skeleton!
No target in view!
You see here a quokka skeleton.
Key pressed, stopping explore.
Done exploring.
Done exploring.
Done exploring.
(D) Dungeon
Where to? (Enter - D:5, ? - help)
There is a stone staircase leading down here.
You climb downwards.
An orc warrior comes into view. It is wielding a +0 dire flail.
There is a stone staircase leading up here.
An orc warrior is nearby!
The orc warrior shouts!
An orc comes into view. It is wielding a +0 war axe.
The orc shouts!
The orc warrior hits you with a +0 dire flail!!
You freeze the orc warrior.
The orc warrior is lightly wounded.
The orc warrior barely misses you.
The orc warrior hits you with a +0 dire flail!
Casting: Freeze (safe; 1% risk of failure)
Confirm with . or Enter, or press ? or * to list all spells.
Casting: Frozen Ramparts (dangerous; 4% risk of failure)
Press: ? - help, Dir - look around, f - activate The walls around you are covered in ice.
The wall freezes the orc.
The wall freezes the orc warrior.
The orc warrior hits you with a +0 dire flail!
* * * LOW HITPOINT WARNING * * *
It was a potion of curing.
You feel better.
The wall freezes the orc.
You kill the orc!
The wall freezes the orc warrior.
The orc warrior hits you with a +0 dire flail!
You die...

###
#<#
#.#
#@#
#o#
#)#
#.#
#.#
#..
###


You could see an orc warrior.

Vanquished Creatures
  2 ogres
  A centaur (D:5)
  A scorpion (D:5)
  3 hounds (D:4)
  A jelly (D:5)
  2 worker ants
  A hound skeleton (D:5)
  Robin (D:2)
  8 adders
  A gnoll (D:1)
  3 worms
  3 dart slugs
  A leopard gecko (D:2)
  12 orcs
  A ball python (D:1)
  8 bats
  5 giant cockroaches
  9 goblins
  9 hobgoblins
  2 jackals (D:3)
  7 kobolds
  2 quokkas
  8 frilled lizards
  6 rats
97 creatures vanquished.

Vanquished Creatures (others)
  4 withered plants (D:4)
4 creatures vanquished.

Grand Total: 101 creatures vanquished

Notes
Turn   | Place    | Note
-------+----------+-------------------------------------------
     0 | D:1      | ReteAZ the Demigod Ice Elementalist began the quest for the
                  | Orb.
     0 | D:1      | Reached XP level 1. HP: 14/14 MP: 5/5
   101 | D:1      | Reached skill level 4 in Ice Magic
   101 | D:1      | Reached XP level 2. HP: 7/20 MP: 1/7
   555 | D:1      | Found Iniy's Weapon Emporium.
   942 | D:1      | Reached XP level 3. HP: 9/26 MP: 3/9
  2063 | D:2      | Learned a level 3 spell: Frozen Ramparts
  2217 | D:2      | Reached XP level 4. HP: 33/33 MP: 6/10
  2320 | D:2      | Noticed Robin
  2390 | D:2      | Killed Robin
  2391 | D:2      | Reached skill level 5 in Ice Magic
  4117 | D:3      | Reached XP level 5. HP: 38/38 MP: 8/12
  4525 | D:4      | Reached skill level 1 in Shields
  4581 | D:4      | Noticed an ogre
  4591 | D:4      | Killed an ogre
  4677 | D:4      | Found a runed translucent gate.
  4722 | D:4      | Reached XP level 6. HP: 38/45 MP: 6/14
  5012 | D:4      | Found a runed translucent gate.
  5012 | D:4      | Found a runed translucent gate.
  5012 | D:4      | Noticed Quoreg's ghost (amateur HuIE)
  5012 | D:4      | Noticed Aapotti's ghost (novice DgWz)
  5013 | D:4      | Noticed Ijustatesigmund's ghost (amateur DsFi)
  5168 | D:5      | Entered Level 5 of the Dungeon
  5186 | D:5      | Reached skill level 6 in Ice Magic
  5240 | D:5      | Learned a level 3 spell: Ozocubu's Armour
  5295 | D:5      | Identified the +10 mace "Demigod's Doom" {protect, Str+5}
  5549 | D:5      | Reached XP level 7. HP: 46/50 MP: 10/15
  5942 | D:6      | Slain by an orc warrior

Illustrated notes

Levels and vault maps discovered:
D:1:      minmay_arrival_solitary_statue, layout_basic, serial_shops, shop
D:2:      layout_basic, marbit_many_paths, grunt_qazlal_clouds,
          chequers_ecumenical_altar_twisty, minmay_misc_feat_secret_circle,
          uniq_robin
D:3:      layout_basic, grunt_temple_overflow_open, general_overflow_altar
D:4:      layout_rooms, lemuel_round_altar, gammafunk_ghost_cemetery
D:5:      layout_cave_pools
D:6:      layout_basic

Skill      XL: |  1  2  3  4  5  6 |
---------------+-------------------+-----
Spellcasting   | 2 3 |  3.8
Ice Magic      | 4 5 6 |  6.6
Shields        | 1 2 |  2.6
Dodging        | |  1.7
Stealth        | |  1.7

Action                   |  1- 3 |  4- 6 |  7- 9 || total
-------------------------+-------+-------+-------++-------
Melee: Club              |     1 |       |       ||     1
       Spear             |    19 |       |       ||    19
       Trident           |       |    39 |       ||    39
       Mace              |       |     8 |     4 ||    12
 Cast: Freeze            |    69 |    86 |    11 ||   166
       Frozen Ramparts   |       |     3 |     1 ||     4
       Ozocubu's Armour  |       |     2 |       ||     2
  Use: Potion            |       |       |     1 ||     1
 Stab: Sleeping          |     4 |     6 |       ||    10
Armor: Robe              |     3 |       |       ||     3
       Leather armour    |     8 |    17 |     4 ||    29
Dodge: Dodged            |    29 |    44 |     8 ||    81
Block: Buckler           |       |    22 |     6 ||    28

Table legend: (Time is in decaauts)
 A = Elapsed time spent in this place.
 B = Non-inter-level travel time spent in this place.
 C = Inter-level travel time spent in this place.
 D = Time resting spent in this place.
 E = Time spent auto-exploring this place.
 F = Levels seen in this place.
 G = Mean time per level.
                   A        B        C        D        E       F      G
               +--------+--------+--------+--------+--------+-----+--------+
         Total |   5962 |   5820 |    142 |    938 |   4164 |   6 |  993.7 |
       Dungeon |   5962 |   5820 |    142 |    938 |   4164 |   6 |  993.7 |
               +--------+--------+--------+--------+--------+-----+--------+

Top non-repeatable levels by time:
     D:2: 1803 daAuts
     D:1: 1482 daAuts
     D:3: 1078 daAuts
     D:4: 818 daAuts
     D:5: 769 daAuts
     D:6: 8 daAuts
